 Dungeon Crawl Stone Soup version 0.27-a0-1555-g0e7b3fb1d2 (webtiles) character file.

Game seed: 16470786093922223983

74 Ijustatesigmund the Cudgeller (level 4, -1/33 HPs)
             Began as an Octopode Fighter on July 15, 2021.
             Killed by nerve-wracking pain
             ... invoked by an orc priest
              (10 damage)
             ... on level 3 of the Dungeon.
             The game lasted 00:01:58 (2304 turns).

Ijustatesigmund the Cudgeller (Octopode Fighter)    Turns: 2304, Time: 00:01:59

Health: -1/33      AC:  1    Str: 12 (15) XL:     4   Next: 28%
Magic:  4/4        EV: 11    Int: 14 (16) God:
Gold:   90         SH:  8    Dex: 11 (12) Spells: 3/3 levels left

rFire    . . .     SeeInvis .   a - +1 flail
rCold    . . .     Faith    .   b - +0 kite shield
rNeg     . . .     Spirit   .   (helmet restricted)
rPois    .         Reflect  .   (no amulet)
rElec    .         Harm     .   g - +6 ring of intelligence
rCorr    .         Rampage  .   (no ring)
Will     .....                  (no ring)
Stlth    ++........             (no ring)
HPRegen  0.11/turn              (no ring)
MPRegen  0.09/turn              (no ring)
                                (no ring)
                                (no ring)

@: attractive
A: almost no armour, amphibious, 8 rings, camouflage 1, gelatinous body 1,
(nimble swimmer 1), tentacles
a: no special abilities


You were on level 3 of the Dungeon.
You visited 1 branch of the dungeon, and saw 3 of its levels.

You collected 90 gold pieces.

Inventory:

Hand Weapons
 a - a +1 flail (weapon)
Armour
 b - a +0 kite shield (worn)
Jewellery
 g - a +6 ring of intelligence (left tentacle)
Scrolls
 f - a scroll of blinking
Potions
 c - a potion of might
 e - a potion of degeneration
 h - a potion of magic {unknown}
 i - a potion of haste {unknown}
 j - a potion of ambrosia {unknown}
 k - a potion of berserk rage {unknown}
 l - 2 potions of curing {unknown}


   Skills:
 + Level 3.7 Fighting
 * Level 3.8 Maces & Flails
 - Level 3.0 Dodging
 - Level 3.0 Shields


You had 3 spell levels left.
You didn't know any spells.
Your spell library contained the following spells:

 Spells                   Type           Power      Damage    Failure   Level
 Summon Small Mammal      Summ           0%         N/A       80%         1
 Call Canine Familiar     Summ           0%         N/A       99%         3
 Summon Guardian Golem    Hex/Summ       0%         N/A       99%         3


Dungeon Overview and Level Annotations

Branches:
Dungeon (3/15)

Altars:


Innate Abilities, Weirdness & Mutations

You cannot wear most types of armour.
You are amphibious.
You can wear up to eight rings at the same time.
Your skin changes colour to match your surroundings (Stealth+).
Your rubbery body absorbs attacks. (AC +1, EV +1)
((You are camouflaged near water. (Stealth+)))
You have tentacles for arms and can constrict up to eight enemies at once.


Message History

e - 2 fizzy purple potions (gained 1)
A kobold comes into view. It is wielding a +0 whip.
The kobold shouts!
An orc priest comes into view. It is wielding a +0 mace.
The orc priest shouts!
You hear a shout!
You closely miss the kobold. You grab the kobold. You constrict the kobold.
An orc comes into view. It is wielding a +0 club.
The kobold closely misses you.
You sock the kobold!
You kill the kobold!
The orc priest calls down the wrath of Beogh upon you.
Pain shoots through your body!
An orc comes into view. It is wielding a +0 dagger.
The orc shouts!
You hit the orc priest. Your grab misses the orc priest.
You squeeze the orc priest.
The orc priest is severely wounded.
The orc priest looks braver for a moment.
You closely miss the orc. Your grab misses the orc.
An orc comes into view. It is wielding a +0 hand axe.
The orc hits you with a +0 club.
You barely miss the orc. Your grab misses the orc.
The orc priest mumbles some strange prayers to Beogh against you.
Pain shoots through your body!
* * * LOW HITPOINT WARNING * * *
You block the orc's attack.
You are too injured to fight recklessly!
You are too injured to fight recklessly!
You are too injured to fight recklessly!
You are too injured to fight recklessly!
It was a potion of degeneration.
There was something very wrong with that liquid.
You feel weakened.
You feel dopey.
You feel clumsy. You block the orc's attack. You block the orc priest's attack.
It was a potion of attraction.
You feel attractive to monsters. You block the orc's attack.
The orc closely misses you.
The orc priest invokes the aid of Beogh against you.
Pain shoots through your body!
You die...

#.# #.# #.. #.. ... ...
...#.# #.# #.# #.#
#..#.# ..# #.# #.#
###..#.####
#.###.###.###.........
.....................
..###.###.#.#.#..o.#
#.# #.###.......oo.##.#
#.....##....#.#.@o....#
#.##..##..<.#.#.)######
#.##...................
..............#.#######
#.###.###.#..........
...... #.#..##.#####
..... .....##.# ....
...#..##.# ...
..........#


You could see an orc priest and 3 orcs.

Vanquished Creatures
  2 adders (D:2)
  2 dart slugs
  3 ball pythons (D:2)
  5 bats
  6 endoplasms
  3 giant cockroaches
  7 goblins
  5 hobgoblins
  4 quokkas
  4 frilled lizards
  3 kobolds
  3 rats
47 creatures vanquished.

Notes
Turn   | Place    | Note
-------+----------+-------------------------------------------
     0 | D:1      | Ijustatesigmund the Octopode Fighter began the quest for
                  | the Orb.
     0 | D:1      | Reached XP level 1. HP: 16/16 MP: 1/1
   236 | D:1      | Reached XP level 2. HP: 18/21 MP: 2/2
   976 | D:1      | Found a faded altar of an unknown god.
   989 | D:1      | Reached XP level 3. HP: 26/26 MP: 3/3
  1737 | D:2      | Reached XP level 4. HP: 20/33 MP: 4/4
  2304 | D:3      | Killed from afar by an orc priest

Illustrated notes

Levels and vault maps discovered:
D:1:      dpeg_arrival_oval, layout_basic, shapermc_ecumenical_altar_ellora,
          minmay_misc_feat_tower, minmay_tall_x
D:2:      layout_rooms, minmay_surrounded
D:3:      layout_basic

Skill      XL: |  1  2 |
---------------+-------+-----
Maces & Flails | 3 |  3.8
Fighting       | |  3.7
Dodging        | |  3.0
Shields        | |  3.0

Action                   |  1- 3 |  4- 6 || total
-------------------------+-------+-------++-------
Melee: Flail             |    78 |    14 ||    92
       Constrict         |    18 |     4 ||    22
       Tentacles         |     8 |     1 ||     9
  Use: Scroll            |     3 |     2 ||     5
       Potion            |       |     2 ||     2
 Stab: Sleeping          |     9 |     1 ||    10
Armor: Skin              |    11 |       ||    11
Dodge: Dodged            |    27 |     4 ||    31
Block: Kite shield       |    33 |     9 ||    42

Table legend: (Time is in decaauts)
 A = Elapsed time spent in this place.
 B = Non-inter-level travel time spent in this place.
 C = Inter-level travel time spent in this place.
 D = Time resting spent in this place.
 E = Time spent auto-exploring this place.
 F = Levels seen in this place.
 G = Mean time per level.
                   A        B        C        D        E       F      G
               +--------+--------+--------+--------+--------+-----+--------+
         Total |   2348 |   2298 |     50 |    550 |   1426 |   3 |  782.7 |
       Dungeon |   2348 |   2298 |     50 |    550 |   1426 |   3 |  782.7 |
               +--------+--------+--------+--------+--------+-----+--------+

Top non-repeatable levels by time:
     D:1: 1266 daAuts
     D:2: 851 daAuts
     D:3: 230 daAuts
